 Dungeon Crawl Stone Soup version 0.28-a0-561-gc72452776e (webtiles) character file.

Game seed: 14627483499059799303

0 KristoblXynda the Sneak (level 1, -2/11 HPs)
             Began as a Spriggan Delver on Sept 29, 2021.
             Slain by a water moccasin skeleton (6 damage)
             ... on level 5 of the Dungeon.
             The game lasted 00:00:25 (214 turns).

KristoblXynda the Sneak (Spriggan Delver)            Turns: 214, Time: 00:00:25

Health: -2/11      AC:  2    Str:  8    XL:     1   Next: 0%
Magic:  2/2        EV: 17    Int: 11    God:
Gold:   11         SH:  0    Dex: 16    Spells: 0/0 levels left

rFire   . . .      SeeInvis +   a - +0 short sword
rCold   . . .      Faith    .   (shield restricted)
rNeg    . . .      Spirit   .   b - +0 robe
rPois   .          Reflect  .   (helmet restricted)
rElec   .          Harm     .   (no cloak)
rCorr   .          Rampage  .   (gloves unavailable)
Will    .....                   (boots unavailable)
Stlth   ++++......              (no amulet)
HPRegen 0.03/turn               (no ring)
MPRegen 0.08/turn               (no ring)

@: very quick
A: very small, no large weapons, unfitting armour, see invisible, speed 3
a: no special abilities


You were on level 5 of the Dungeon.
You visited 1 branch of the dungeon, and saw 1 of its levels.

You collected 11 gold pieces.

Inventory:

Hand Weapons
 a - a +0 short sword (weapon)
Armour
 b - a +0 robe (worn)
Wands
 g - a wand of digging (3)
Scrolls
 c - a scroll of fog
 d - 2 scrolls of magic mapping
 e - a scroll of fear
Potions
 f - a potion of haste


   Skills:
 + Level 2.4 Fighting
 + Level 2.1 Short Blades
 + Level 2.6 Dodging
 + Level 7.2 Stealth


You couldn't memorise any spells.
You didn't know any spells.
Your spell library was empty.

Dungeon Overview and Level Annotations

Branches:
Dungeon (5/15)
 Temple: D:4-7

Altars:
Lugonu

Portals:
Abyss: D:5


Innate Abilities, Weirdness & Mutations

You are very small and have problems with some larger weapons.
You are too small for most types of armour.
You have supernaturally acute eyesight. (SInv)
You cover ground extremely quickly. (Speed+++)


Message History

Welcome, KristoblXynda the Spriggan Delver.
It is said that the Orb of Zot exists deep within this dungeon.
Press ? for a list of commands and other information.
Found 19 bolts.
Found a stone staircase leading down.
Found a corrupted altar of Lugonu.
A lurking horror comes into view.
Found a one-way gate to the infinite horrors of the Abyss.
The helpless lurking horror fails to defend itself.
You impale the lurking horror!!
Your body is wracked with pain!
Unknown command.
You start resting.
HP restored.
Found 11 gold pieces.
You now have 11 gold pieces.
Found a leather armour.
Found an escape hatch in the ceiling.
d - 2 scrolls of magic mapping (gained 1)
Found a leather armour.
A water moccasin skeleton comes into view.
Unknown command.
Found 6 datura-tipped darts.
The helpless water moccasin skeleton fails to defend itself.
You impale the water moccasin skeleton!!
The water moccasin skeleton is severely damaged.
The water moccasin skeleton barely misses you.
You hit the water moccasin skeleton.
The water moccasin skeleton is almost destroyed.
The water moccasin skeleton bites you!
Ouch! That really hurt!
An ufetubus comes into view.
The water moccasin skeleton barely misses you.
You barely miss the water moccasin skeleton.
The water moccasin skeleton is almost destroyed.
The water moccasin skeleton bites you.
Ouch! That really hurt!
You die...

#.# #........#
#.# ###.......
#.# 5...... #.#
....... ##.###
.(.... #....#
#...... #....#
.......
#....####.......
#.......@Z......
#....###.##.....
#....# #.# ###
#[...# ..#
#....# .##
#....##.
#######. ..


You could see an ufetubus (wandering) and a water moccasin skeleton.

Vanquished Creatures
  A lurking horror (D:5)
1 creature vanquished.

Notes
Turn   | Place    | Note
-------+----------+-------------------------------------------
     0 | D:5      | KristoblXynda the Spriggan Delver began the quest for the
                  | Orb.
     0 | D:5      | Reached XP level 1. HP: 11/11 MP: 2/2
     9 | D:5      | Found a corrupted altar of Lugonu.
    15 | D:5      | Found a one-way gate to the infinite horrors of the Abyss.
   214 | D:5      | Slain by a water moccasin skeleton

Illustrated notes

Levels and vault maps discovered:
D:5:      layout_rooms, vehumet_altar_wand_db, amcnicky_altar_lugonu_corruption

Action                   || total
-------------------------++-------
Melee: Short sword       ||     4
 Stab: Sleeping          ||     2
Dodge: Dodged            ||     2

Table legend: (Time is in decaauts)
 A = Elapsed time spent in this place.
 B = Non-inter-level travel time spent in this place.
 C = Inter-level travel time spent in this place.
 D = Time resting spent in this place.
 E = Time spent auto-exploring this place.
 F = Levels seen in this place.
 G = Mean time per level.
                   A        B        C        D        E       F      G
               +--------+--------+--------+--------+--------+-----+--------+
         Total |    178 |    178 |      0 |    119 |     14 |   1 |  178.0 |
       Dungeon |    178 |    178 |      0 |    119 |     14 |   1 |  178.0 |
               +--------+--------+--------+--------+--------+-----+--------+

Top non-repeatable levels by time:
     D:5: 178 daAuts
